 Dungeon Crawl Stone Soup version 0.31-a0-232-gb1c03b2570 (webtiles) character file.

Game seed: 241680349958942473

11 spardeous the Digger (level 2, 0/11 HPs)
             Began as a Felid Earth Elementalist on July 7, 2023.
             Succumbed to Terence's poison
             ... on level 2 of the Dungeon.
             The game lasted 00:02:00 (610 turns).

spardeous the Digger (Felid Earth Elementalist)      Turns: 610, Time: 00:02:00

Health: 0/11       AC:  1    Str:  4    XL:     2   Next: 13%
Magic:  5/6        EV: 17    Int: 16    God:
Gold:   7          SH:  0    Dex: 16    Spells: 4/5 levels left
                                        Lives:  0   Deaths: 0

rFire   . . .        (weapon unavailable)
rCold   . . .        (shield unavailable)
rNeg    . . .        (body armour unavailable)
rPois   .            (helmet unavailable)
rElec   .            (cloak unavailable)
rCorr   .            (gloves unavailable)
SInv    +            (boots unavailable)
Will    .....        (no amulet)
Stlth   ++           (no ring)
HPRegen 0.21/turn    (no ring)
MPRegen 0.10/turn

%: no passive effects
@: lethally poisoned (0 -> -9), quick
A: very small, claws 1, fangs 3, see invisible, speed 1, shaggy fur 1, stealthy
paws, no weapons or thrown items, no armour, multi-lived
a: no special abilities


You were on level 2 of the Dungeon.
You visited 1 branch of the dungeon, and saw 2 of its levels.

You collected 7 gold pieces.

Inventory:

Scrolls
 c - a scroll of silence {unknown}
 d - a scroll of enchant weapon {unknown}
 e - a scroll of blinking {unknown}
Potions
 a - a potion of magic
 b - a potion of mutation {unknown}


   Skills:
 + Level 3.0 Dodging
 - Level 2.6 Stealth
 + Level 2.2 Spellcasting
 - Level 1.1 Transmutations
 * Level 3.0 Earth Magic


You had 4 spell levels left.
You knew the following spells:

 Your Spells              Type           Power      Damage    Failure   Level
a - Sandblast             Erth           22%        2d7       6%          1

Your spell library contained the following spells:

 Spells                   Type           Power      Damage    Failure   Level
 Passwall                 Tmut/Erth      6%         N/A       13%         2
 Stone Arrow              Conj/Erth      12%        3d7       32%         3
 Petrify                  Tmut/Erth      8%         N/A       65%         4


Dungeon Overview and Level Annotations

Branches:
Dungeon (2/15)

Altars:

Annotations:
D:2 Terence


Innate Abilities, Weirdness & Mutations

You have sharp claws.
You have razor-sharp teeth.
You have supernaturally acute eyesight. (SInv)
You cover ground quickly. (Speed+)
You are covered in fur. (AC +1)
Your paws help you pounce on unaware monsters.
You are incapable of wielding weapons or throwing items.
You cannot wear armour.
You gain extra lives every three experience levels.


Message History

Casting: Sandblast (safe; 6% risk of failure)
Confirm with . or Enter, or press ? or * to list all spells.
Aiming: Sandblast (safe; 6% risk of failure)
Press: ? - help, Shift-Dir - straight line, f/p - Terence
Aim: Terence, wielding a +2 trident of venom and wearing a +0 scale mail (84% to hit)
The blast of sand hits Terence but does no damage.
Terence looks scornfully at you.
Casting: Sandblast (safe; 6% risk of failure)
Confirm with . or Enter, or press ? or * to list all spells.
Aiming: Sandblast (safe; 6% risk of failure)
Press: ? - help, Shift-Dir - straight line, f/p - Terence
Aim: Terence, wielding a +2 trident of venom and wearing a +0 scale mail (84% to hit)
The blast of sand hits Terence.
Terence is lightly wounded.
Casting: Sandblast (safe; 6% risk of failure)
Confirm with . or Enter, or press ? or * to list all spells.
Aiming: Sandblast (safe; 6% risk of failure)
Press: ? - help, Shift-Dir - straight line, f/p - Terence
Aim: Terence, wielding a +2 trident of venom and wearing a +0 scale mail (lightly wounded, 84% to hit)
The blast of sand hits Terence.
Terence is lightly wounded.
Things that are here:
a +0 dagger; a kobold corpse You open the door.
There is an open door here.
Found 5 stones.
A kobold comes into view. It is wielding a +0 whip.
The kobold shouts!
You see here a +0 sling.
Casting: Sandblast (safe; 6% risk of failure)
Confirm with . or Enter, or press ? or * to list all spells.
Aiming: Sandblast (safe; 6% risk of failure)
Press: ? - help, Shift-Dir - straight line, f - kobold, p - Terence
Aim: a kobold, wielding a +0 whip (77% to hit)
The blast of sand misses the kobold.
Terence hits you from afar with a +2 trident of venom.
Ouch! That really hurt!
You are lethally poisoned!
* * * LOW HITPOINT WARNING * * *
You feel very sick.
You die...

##+##...#.# #.........#
#...(.....# ## #.........#
#. #.........# ####### .!
#.)....K..# #.....### #.
#.........# #.....#.. +.
#....@....#####.....#.# #.
#........@##........#.# #.
#.........##........#'###.
#.........##..............
#.........######..........
##'####'#.### #.(........
#.# ##.#...# #.........#
#.###<.#...####..........
#.#....#...'..@......##..
#.#.#.##...########..##..


You could see Terence and a kobold.

Vanquished Creatures
  A giant cockroach (D:2)
  A hobgoblin (D:1)
  2 ball pythons
  2 bats
  A frilled lizard (D:1)
  4 kobolds
11 creatures vanquished.

Notes
Turn   | Place    | Note
-------+----------+-------------------------------------------
     0 | D:1      | spardeous the Felid Earth Elementalist began the quest for
                  | the Orb.
     0 | D:1      | Reached XP level 1. HP: 7/7 MP: 4/4
   260 | D:2      | Noticed Terence
   420 | D:2      | Reached XP level 2. HP: 11/11 MP: 3/6
   456 | D:2      | Identified the +8 mace "Eviscerator" {spect, Int+4}
   610 | D:2      | Succumbed to Terence's poison

Illustrated notes

Levels and vault maps discovered:
D:1:      eino_arrival_druids_welcome, layout_basic
D:2:      layout_basic, uniq_terence

Skill      XL: |  1 |
---------------+----+-----
Earth Magic    | 3 |  3.0
Dodging        | 3 |  3.0
Stealth        | |  2.6
Spellcasting   | |  2.2
Transmutations | |  1.1

Action                     || total
---------------------------++-------
   Cast: Sandblast         ||    24
  Dodge: Dodged            ||     7

Table legend: (Time is in decaauts)
 A = Elapsed time spent in this place.
 B = Non-inter-level travel time spent in this place.
 C = Inter-level travel time spent in this place.
 D = Time resting spent in this place.
 E = Time spent auto-exploring this place.
 F = Levels seen in this place.
 G = Mean time per level.
                   A        B        C        D        E       F      G
               +--------+--------+--------+--------+--------+-----+--------+
         Total |    558 |    551 |      7 |    106 |    254 |   2 |  279.0 |
       Dungeon |    558 |    551 |      7 |    106 |    254 |   2 |  279.0 |
               +--------+--------+--------+--------+--------+-----+--------+

Top non-repeatable levels by time:
     D:2: 388 daAuts
     D:1: 169 daAuts
